 Dungeon Crawl Stone Soup version 0.18.1-8-gdd0e5ea (webtiles) character file.

1190 GordonOverkill the Basher (level 8, 0/58 HPs)
             Began as a Formicid Abyssal Knight on May 29, 2016.
             Was a Priest of Lugonu.
             Slain by StormFighter's ghost (14 damage)
             ... on level 5 of the Dungeon.
             The game lasted 00:15:45 (7329 turns).

GordonOverkill the Basher (Formicid Abyssal Knight) Turns: 7329, Time: 00:15:46

Health: 0/58       AC: 15    Str: 18    XL:     8   Next: 71%
Magic:  9/9        EV:  5    Int: 13    God:    Lugonu [***...]
Gold:   256        SH:  0    Dex: 10    Spells: 0 memorised, 7 levels left

rFire  . . .     SeeInvis +     a - +2 mace
rCold  . . .     Gourm    .     y - +1 plate armour
rNeg   . . .     Faith    .     (no shield)
rPois  .         Spirit   .     (helmet unavailable)
rElec  .         Dismiss  .     (no cloak)
rCorr  .         Reflect  .     (no gloves)
SustAt .         Harm     .     v - +2 pair of boots
MR     .....                    (no amulet)
Stlth  ..........               (no ring)
                                (no ring)

@: not resistant to hostile enchantments, extremely unstealthy
A: permanent stasis, dig shafts and tunnels, four strong arms, antennae 3
a: Dig, Shaft Self, Depart the Abyss, Bend Space, Banish, Renounce Religion


You were on level 5 of the Dungeon.
You worshipped Lugonu.
Lugonu was most pleased with you.
You were very hungry.

You visited 2 branches of the dungeon, and saw 6 of its levels.
You visited the Abyss 1 time.

You collected 256 gold pieces.

Inventory:

Hand Weapons
 a - a +2 mace (weapon)
Missiles
 t - a throwing net (quivered)
Armour
 e - a +0 shield
 v - a +2 pair of boots (worn)
 y - a +1 plate armour (worn)
Scrolls
 b - a scroll of amnesia {unknown}
 g - 3 scrolls of remove curse
 j - a scroll of identify
 u - a scroll of enchant armour
Potions
 i - a potion of haste
 l - a potion of brilliance {unknown}
 p - a potion of cancellation {unknown}
 q - 2 potions of curing
 s - 3 potions of magic
 x - a potion of berserk rage {unknown}
 A - a potion of ambrosia {unknown}
Books
 d - a book of Callings

   Spells                             Type                      Level
   a - Summon Small Mammal            Summoning                    1
   b - Call Imp                       Summoning                    2
   c - Call Canine Familiar           Summoning                    3
   d - Summon Guardian Golem          Hexes/Summoning              3
   e - Summon Lightning Spire         Summoning/Air                4
   f - Summon Ice Beast               Ice/Summoning                4
Comestibles
 c - 3 bread rations
 f - 3 meat rations
 k - a slice of pizza
 z - 2 fruits


   Skills:
 + Level 3.2 Fighting
 + Level 10.0 Maces & Flails
 - Level 2.1 Armour
 - Level 0.8 Dodging
 - Level 2.1 Invocations


You had 7 spell levels left.
You didn't know any spells.

Dungeon Overview and Level Annotations

Branches:
Dungeon (5/15)             Temple (1/1) D:4

Altars:
Trog
Yredelemnul

Annotations:
D:2 Robin
D:5 StormFighter's ghost, amateur MiFi


Innate Abilities, Weirdness & Mutations

You are under a permanent stasis effect.
You can dig through walls and to a lower floor.
Your four strong arms can wield two-handed weapons with a shield.
You have a pair of large antennae on your head (SInv).


Message History

StormFighter's ghost is heavily damaged.
StormFighter's ghost hits you!
You hit StormFighter's ghost.
StormFighter's ghost is heavily damaged.
StormFighter's ghost hits you!
Your plate armour prevents you from hitting StormFighter's ghost.
StormFighter's ghost is heavily damaged.
StormFighter's ghost barely misses you.
You hit StormFighter's ghost but do no damage.
StormFighter's ghost is heavily damaged.
StormFighter's ghost hits you!
* * * LOW HITPOINT WARNING * * *
You are too injured to fight recklessly!
You are too injured to fight recklessly!
You are too injured to fight recklessly!
You are too injured to fight recklessly!
You hit StormFighter's ghost but do no damage.
StormFighter's ghost is heavily damaged.
StormFighter's ghost hits you!
You die...

#..........'
#..........#..# ..
###..........##.# ..
##.####'####+###.##'#
#...................
#..................
#....).............
##..###.###..###W#
.#..###.###..###@#
........).+......#
..........#......#
..........#......#
..........#......#
..........#......#
###..##..###.#####
#..# ..# #.# ... ..
#.


You could see StormFighter's ghost.

Vanquished Creatures
  A phantom (D:4)
  3 eyes of draining (D:4)
  3 ogres
  A scorpion (D:5)
  A crimson imp (D:4)
  An orc priest (D:4)
  An iguana (D:4)
  8 orc wizards
  2 worker ants (D:4)
  A hound skeleton (D:4)
  4 gnolls (D:4)
  2 adders (D:3)
  An ooze (D:2)
  An adder skeleton (D:4)
  5 worms
  A giant gecko (D:2)
  19 orcs
  3 giant cockroaches
  21 goblins
  4 hobgoblins (D:3)
  6 kobolds
  A quokka (D:2)
  A ball python (D:2)
  12 bats
  2 giant newts
  6 rats
111 creatures vanquished.

Vanquished Creatures (others)
  2 starspawn tentacles (Abyss:1)
2 creatures vanquished.

Grand Total: 113 creatures vanquished

Notes
Turn   | Place    | Note
--------------------------------------------------------------
     0 | Abyss:1  | GordonOverkill the Formicid Abyssal Knight began the quest for the Orb.
     0 | Abyss:1  | Reached XP level 1. HP: 18/18 MP: 2/2
   345 | Abyss:1  | Noticed a tentacled starspawn
   370 | Abyss:1  | Noticed a large abomination
   371 | Abyss:1  | Noticed a hellion
   381 | D:1      | Escaped the Abyss
   390 | D:1      | Noticed an electric eel
   617 | D:1      | Reached XP level 2. HP: 22/24 MP: 3/3
   647 | D:1      | Reached * piety under Lugonu
  1155 | D:2      | Reached skill level 3 in Maces & Flails
  1667 | D:2      | Reached XP level 3. HP: 28/29 MP: 4/4
  1781 | D:2      | Found a basalt altar of Yredelemnul.
  1940 | D:2      | Noticed Robin
  2316 | D:2      | Reached skill level 4 in Maces & Flails
  2316 | D:2      | Reached XP level 4. HP: 35/35 MP: 5/5
  2822 | D:3      | Reached ** piety under Lugonu
  2958 | D:3      | Reached XP level 5. HP: 35/41 MP: 6/6
  3054 | D:3      | Reached skill level 5 in Maces & Flails
  3416 | D:3      | Found a bloodstained altar of Trog.
  3454 | D:3      | Reached XP level 6. HP: 46/47 MP: 7/7
  4007 | D:3      | Reached skill level 6 in Maces & Flails
  4222 | D:4      | Reached *** piety under Lugonu
  4622 | D:4      | Reached skill level 7 in Maces & Flails
  4622 | D:4      | Reached XP level 7. HP: 28/52 MP: 8/8
  4871 | D:4      | Found a staircase to the Ecumenical Temple.
  4883 | Temple   | Entered the Ecumenical Temple
  5234 | D:4      | Found a bloodstained altar of Trog.
  5256 | D:4      | Reached skill level 8 in Maces & Flails
  5281 | D:4      | Reached XP level 8. HP: 58/58 MP: 0/9
  5290 | D:4      | Reached skill level 9 in Maces & Flails
  5773 | D:5      | Entered Level 5 of the Dungeon
  5781 | D:5      | Noticed StormFighter's ghost (amateur MiFi)
  7112 | D:5      | Reached skill level 10 in Maces & Flails
  7329 | D:5      | Slain by StormFighter's ghost

Skill      XL: |  1  2  3  4  5  6  7  8 |
---------------+-------------------------+-----
Maces & Flails | 3 4 5 7 8 10 | 10.0
Fighting       | |  3.2
Armour         | |  2.1
Dodging        | |  0.8
Invocations    | |  2.1

Action                   |  1- 3 |  4- 6 |  7- 9 || total
-------------------------+-------+-------+-------++-------
Melee: Mace              |   105 |   275 |   233 ||   613
Invok: Depart the Abyss  |     1 |       |       ||     1
 Abil: Dig               |     2 |     4 |     2 ||     8
  Use: Potion            |       |     3 |       ||     3
       Scroll            |       |       |    11 ||    11
  Eat: Chunk             |     5 |     7 |     7 ||    19
       Beef jerky        |       |       |     1 ||     1
Armor: Leather armour    |    14 |       |       ||    14
       Scale mail        |    52 |    86 |       ||   138
       Plate armour      |       |   119 |    99 ||   218
Dodge: Dodged            |    78 |   110 |    32 ||   220
